 Dungeon Crawl Stone Soup version 0.25.1-2-g60ff931df9 (webtiles) character file.

Game seed: 8219641122744282802

30 lepoulpe303 the Vexing (level 3, -5/20 HPs)
             Began as a Deep Elf Arcane Marksman on Aug 3, 2020.
             Slain by a worker ant (8 damage)
             ... on level 2 of the Dungeon.
             The game lasted 00:05:25 (2022 turns).

lepoulpe303 the Vexing (Deep Elf Arcane Marksman)   Turns: 2022, Time: 00:05:26

Health: -5/20      AC:  2    Str:  7    XL:     3   Next: 5%
Magic:  7/8        EV: 13    Int: 18    God:
Gold:   75         SH:  0    Dex: 15    Spells: 0/6 levels left

rFire    . . .     SeeInvis .   a - +0 shortbow
rCold    . . .     Gourm    .   (shield currently unavailable)
rNeg     . . .     Faith    .   f - +0 robe
rPois    .         Spirit   .   (no helmet)
rElec    .         Reflect  .   (no cloak)
rCorr    .         Harm     .   (no gloves)
MR       .....                  (no boots)
Stlth    +.........             (no amulet)
HPRegen  0.06/turn              (no ring)
MPRegen  0.11/turn              (no ring)

@: no status effects
A: no striking features
a: no special abilities


You were on level 2 of the Dungeon.
You were not hungry.

You visited 1 branch of the dungeon, and saw 2 of its levels.

You collected 75 gold pieces.

Inventory:

Hand Weapons
 a - a +0 shortbow (weapon)
 b - a +0 dagger
Missiles
 Q - 12 arrows (quivered)
Armour
 f - a +0 robe (worn)
Scrolls
 c - a scroll of blinking {unknown}
 d - a scroll of enchant weapon {unknown}
 i - a scroll of remove curse {unknown}
 j - 3 scrolls of identify {unknown}
 k - a scroll of fog {unknown}
 m - 2 scrolls of amnesia {unknown}
Potions
 g - a potion of invisibility {unknown}
 h - a potion of heal wounds {unknown}
 l - a potion of curing {unknown}
Comestibles
 e - a ration


   Skills:
 * Level 1.2 Fighting
 + Level 0.4 Short Blades
 * Level 2.6 Bows
 + Level 2.6 Dodging
 * Level 2.2 Spellcasting
 * Level 4.4 Hexes


You couldn't memorise any spells.
You knew the following spells:

 Your Spells              Type           Power        Failure   Level  Hunger
a - Inner Flame           Hex/Fire       #.......     22%         3    ###....
s - Slow                  Hex            ###.....     4%          2    ##.....
v - Corona                Hex            ###....      3%          1    #......

Your spell library contained the following spells:

 Spells                   Type           Power        Failure   Level  Hunger
 Portal Projectile        Hex/Tloc       #.....       22%         3    ###....
 Cause Fear               Hex            ###.......   28%         4    #####..
 Leda's Liquefaction      Hex/Erth       #.........   56%         4    #####..


Dungeon Overview and Level Annotations

Branches:
Dungeon (2/15)

Altars:
Ru


Message History

The worker ant closely misses you. The worker ant barely misses you.
Firing (i - inventory)
Q - 14 arrows (quivered)
Aim: a worker ant (severely wounded)
You shoot an arrow.
The arrow closely misses the worker ant.
The worker ant bites you.
You take 3 damage, and have 15/20 hp.
Firing (i - inventory)
Q - 13 arrows (quivered)
Aim: a worker ant (severely wounded)
You shoot an arrow. The arrow barely misses the worker ant.
The worker ant bites you.
* * * LOW HITPOINT WARNING * * *
You take 5 damage, and have 10/20 hp.
MASSIVE DAMAGE!!
Okay, then.
Aim: a worker ant (severely wounded, chance to defeat MR: 63%)
The worker ant is outlined in light.
The worker ant bites you!
* * * LOW HITPOINT WARNING * * *
The worker ant bites you!
You die...

#.# ##(##
####...####
#....≈.≈..###
#.##≈(≈.≈...#
#...#(..###.#
#####.≈.# #.#
#a..# #.#
#@≈.# #.#
#...# #.#
#.≈.# #.#
#...# #.#
#≈_≈# #.#
#≈≈≈# #.#
#####
#.##########
#...........
############


You could see a worker ant (corona).

Levels and vault maps discovered:
D:1:      lemuel_arrival_funnel, layout_loops_ring, st_stairs_4
D:2:      layout_basic, nicolae_ru_path_of_blood, uniq_terence

Notes
Turn   | Place    | Note
-------+----------+-------------------------------------------
     0 | D:1      | lepoulpe303 the Deep Elf Arcane Marksman began the quest
                  | for the Orb.
     0 | D:1      | Reached XP level 1. HP: 11/11 MP: 5/5
    50 | D:1      | Identified a +0 dagger
   110 | D:1      | Identified a +0 dagger
   112 | D:1      | Identified a +0 shortbow
   337 | D:1      | Identified a +0 club
   501 | D:1      | HP: 1/11 [leopard gecko (3)]
   502 | D:1      | Reached skill level 1 in Fighting
   943 | D:1      | Identified a +0 club
   944 | D:1      | Reached XP level 2. HP: 16/16 MP: 6/6
  1011 | D:1      | Learned a level 2 spell: Slow
  1274 | D:2      | Found a sacrificial altar of Ru.
  1284 | D:2      | Identified a +0 club
  1633 | D:2      | Reached skill level 2 in Spellcasting
  1641 | D:2      | HP: 4/16 [poisoned by an adder]
  1975 | D:2      | Reached XP level 3. HP: 15/20 MP: 6/8
  1980 | D:2      | Learned a level 3 spell: Inner Flame
  2022 | D:2      | HP: 3/20 [worker ant (7)]
  2022 | D:2      | Slain by a worker ant

Table legend:
 A = Turns spent in this place as a percentage of turns spent in the entire game.
 B = Non-inter-level travel turns spent in this place as a percentage of non-inter-level travel turns spent in the entire game.
 C = Inter-level travel turns spent in this place as a percentage of turns spent in this place.
 D = Turns resting spent in this place as a percentage of non-inter-level travel turns spent in this place.
 E = Turns spent auto-exploring this place as a percentage of non-inter-level travel turns spent in this place.
 F = Non-inter-level travel turns spent in this place divided by the number of levels of this place that you've seen.
                   A       B       C       D       E      F
               +-------+-------+-------+-------+-------+----------------------
         Total | 100.0 | 100.0 |   1.3 |  52.5 |  32.4 | 998.0
       Dungeon | 100.0 | 100.0 |   1.3 |  52.5 |  32.4 | 998.0
               +-------+-------+-------+-------+-------+----------------------

Table legend:
 A = Kills in this place as a percentage of kills in entire the game.
 B = Kills by you in this place as a percentage of kills by you in the entire game.
 C = Kills by friends in this place as a percentage of kills by friends in the entire game.
 D = Other kills in this place as a percentage of other kills in the entire game.
 E = Experience gained in this place as a percentage of experience gained in the entire game.
 F = Experience gained in this place divided by the number of levels of this place that you have seen.
                   A       B       C       D       E      F
               +-------+-------+-------+-------+-------+----------------------
         Total | 100.0 | 100.0 |   N/A |   N/A | 100.0 |  22.0
       Dungeon | 100.0 | 100.0 |   N/A |   N/A | 100.0 |  22.0
               +-------+-------+-------+-------+-------+----------------------

Skill      XL: |  1  2 |
---------------+-------+-----
Fighting       | 1 |  1.2
Spellcasting   | 2 |  2.2
Short Blades   | |  0.4
Bows           | |  2.6
Dodging        | |  2.6
Hexes          | |  4.4

Action                   || total
-------------------------++-------
Melee: Dagger            ||    69
 Fire: Shortbow          ||    59
 Cast: Corona            ||     4
       Slow              ||     7
  Eat: Ration            ||     1
       Chunk             ||     1
Armor: Robe              ||    14
Dodge: Dodged            ||    61

Vanquished Creatures
  An adder (D:2)
  An ooze (D:2)
  A worm (D:2)
  A leopard gecko (D:1)
  3 hobgoblins
  2 bats (D:1)
  A frilled lizard (D:1)
  3 goblins (D:1)
  2 kobolds (D:1)
15 creatures vanquished.
